 Dungeon Crawl Stone Soup version 0.27-a0-1065-ge809cff456 (webtiles) character file.

Game seed: 9360173241742689840

2303 leviel the Fighter (level 9, -5/83 HPs)
             Began as a Hill Orc Fighter on Apr 23, 2021.
             Was a Follower of the Shining One.
             Killed from afar by a steam dragon (18 damage)
             ... with a ball of steam
             ... on level 7 of the Dungeon.
             The game lasted 00:12:30 (9095 turns).

leviel the Fighter (Hill Orc Fighter)               Turns: 9095, Time: 00:12:30

Health: -5/83      AC: 12    Str: 26    XL:     9   Next: 40%
Magic:  9/9        EV:  8    Int:  8    God:    the Shining One [*.....]
Gold:   135        SH: 10    Dex: 10    Spells: 8/8 levels left

rFire    . . .     SeeInvis .   f - +1 falchion of the Bouncing Demons {freeze, rPois Str+4}
rCold    . . .     Faith    .   c - +0 kite shield
rNeg     . . .     Spirit   .   b - +0 scale mail
rPois    +         Reflect  .   n - +1 helmet
rElec    .         Harm     .   (no cloak)
rCorr    +         Rampage  .   (no gloves)
Will     .....                  k - +0 pair of boots
Stlth    ..........             (no amulet)
HPRegen  0.23/turn              l - ring of resist corrosion
MPRegen  0.11/turn              (no ring)

@: about to teleport, glowing
A: no striking features
a: Renounce Religion


You were on level 7 of the Dungeon.
You worshipped the Shining One.
The Shining One was aware of your devotion.
You visited 2 branches of the dungeon, and saw 8 of its levels.

You collected 319 gold pieces.
You spent 184 gold pieces at shops.

Inventory:

Hand Weapons
 a - a +1 war axe
 f - the +1 falchion of the Bouncing Demons (weapon) {freeze, rPois Str+4}
   (You bought it in a shop on level 6 of the Dungeon)

   It has been specially enchanted to freeze those struck by it, causing extra
   injury to most foes and up to half again as much damage against particularly
   susceptible opponents.
   It can also slow down cold-blooded creatures.
   It affects your strength (+4).
   It protects you from poison.
Armour
 b - a +0 scale mail (worn)
 c - a +0 kite shield (worn)
 k - a +0 pair of boots (worn)
 n - a +1 helmet (worn)
Jewellery
 l - a ring of resist corrosion (left hand)
 o - an amulet of guardian spirit
 t - an amulet of regeneration
Wands
 u - a wand of mindburst (14)
 A - a wand of flame (13)
Scrolls
 e - 3 scrolls of teleportation
 g - 3 scrolls of amnesia
 p - a scroll of fog {unknown}
 x - a scroll of vulnerability
Potions
 d - a potion of might
 h - a potion of cancellation
 i - a potion of magic
 j - a potion of flight
 m - a potion of ambrosia
 q - a potion of attraction
 s - a potion of brilliance
 v - a potion of heal wounds {unknown}
 w - a potion of lignification {unknown}
 z - a potion of berserk rage {unknown}


   Skills:
 - Level 9.3 Fighting
 + Level 4.0 Long Blades
 - Level 5.3 Axes
 - Level 9.2 Armour
 - Level 0.3 Dodging
 - Level 4.8 Shields


You had 8 spell levels left.
You didn't know any spells.
Your spell library contained the following spells:

 Spells                   Type           Power      Damage    Failure   Level
 Poisonous Vapours        Pois/Air       0%         N/A       99%         2
 Confusing Touch          Hex            0%         N/A       100%        3
 Conjure Flame            Conj/Fire      0%         6-21      100%        3
 Gell's Gravitas          Tloc           0%         N/A       100%        3
 Mephitic Cloud           Conj/Pois/Air  0%         N/A       100%        3
 Petrify                  Tmut/Erth      0%         N/A       100%        4
 Metabolic Englaciation   Hex/Ice        0%         N/A       100%        5
 Yara's Violent Unravell  Hex/Tmut       0%         3d3       100%        5
 Freezing Cloud           Conj/Ice/Air   0%         6-21      100%        6


Dungeon Overview and Level Annotations

Branches:
Dungeon (7/15)             Temple (1/1) D:5

Altars:
Ashenzari
Cheibriados
Dithmenos
Elyvilon
Fedhas
Gozag
Kikubaaqudgha
Makhleb
Okawaru
Qazlal
Ru
Sif Muna
Trog
Uskayaw
Vehumet
Wu Jian
Xom
Yredelemnul
Zin
The Shining One

Shops:
D:6 (

Annotations:
D:5 Prince Ribbit


Message History

You block the bullfrog's attack. The steam dragon barely misses you.
You riposte.
You barely miss the steam dragon.
The steam dragon is moderately wounded.
You block the steam dragon's attack.
The bullfrog hits you but does no damage.
You barely miss the steam dragon.
The steam dragon is moderately wounded.
You are engulfed in a cloud of scalding steam.
The bullfrog hits you but does no damage.
You block the steam dragon's attack. The steam dragon claws you.
The bullfrog hits you but does no damage.
The steam dragon breathes steam at you. The ball of steam misses you.
Your shield and scale mail prevent you from hitting the steam dragon.
The steam dragon is moderately wounded.
You are engulfed in a cloud of scalding steam.
The bullfrog barely misses you. You block the bullfrog's attack.
The steam dragon bites you.
The steam dragon claws you but does no damage.
A water moccasin comes into view.
As you read the scroll of teleportation, it crumbles to dust.
You feel strangely unstable. The bullfrog barely misses you.
You block the steam dragon's attack.
The steam dragon claws you but does no damage.
You block the bullfrog's attack.
The bullfrog hits you but does no damage.
Your surroundings suddenly seem different.
Found a potion of curing.
As you read the scroll of teleportation, it crumbles to dust.
You feel strangely unstable. You block the water moccasin's attack.
The steam dragon breathes steam at you. The ball of steam hits you!
* * * LOW HITPOINT WARNING * * *
You block the water moccasin's attack.
The water moccasin is engulfed in a cloud of scalding steam.
The water moccasin bites you.
* * * LOW HITPOINT WARNING * * *
The steam dragon breathes steam at you. The ball of steam hits you!!
You die...

#....# #....# #....#
###.## #.# #.# #.#
#.# ##########
..##.#.####.@.......
.......†..FS§/.......
.........§.D.........
##.......§.§(........
.....................
...###..........!....
... #..###..........
.. #.>. #..#.######
### ##.###


You could see a steam dragon (catching breath), a water moccasin and a bullfrog.

Vanquished Creatures
  A wraith (D:6)
  Eustachio (D:5)
  Menkaure (D:7)
  2 water moccasins
  A black bear (D:5)
  An ogre (D:5)
  A necrophage (D:4)
  A centaur (D:5)
  2 phantoms
  3 bullfrogs
  2 scorpions
  2 water moccasin zombies (D:6)
  A wyvern zombie (D:7)
  A water moccasin skeleton (D:5)
  A wight (D:5)
  A howler monkey (D:7)
  A bullfrog zombie (D:5)
  2 orc priests (D:3)
  3 centaur skeletons
  A jelly (D:6)
  Natasha (thrice) (D:2)
  3 orc wizards
  A howler monkey zombie (D:5)
  4 gnolls (D:6)
  7 adders
  A white imp (D:5)
  An adder skeleton (D:4)
  5 worms
  2 dart slugs (D:2)
  24 orcs
  7 endoplasms
  2 giant cockroaches
  5 goblins
  4 hobgoblins
  3 jackals (D:2)
  7 kobolds
  3 quokkas
  5 ball pythons
  4 bats (D:1)
  5 frilled lizards
  15 rats
140 creatures vanquished.

Vanquished Creatures (others)
  5 toadstools (D:1)
5 creatures vanquished.

Grand Total: 145 creatures vanquished

Notes
Turn   | Place    | Note
-------+----------+-------------------------------------------
     0 | D:1      | leviel the Hill Orc Fighter began the quest for the Orb.
     0 | D:1      | Reached XP level 1. HP: 19/19 MP: 1/1
   152 | D:1      | Reached XP level 2. HP: 26/27 MP: 2/2
   718 | D:1      | Reached XP level 3. HP: 33/33 MP: 3/3
   810 | D:2      | Noticed Natasha
   859 | D:2      | Killed Natasha
   860 | D:2      | Reached XP level 4. HP: 14/40 MP: 4/4
   909 | D:2      | Noticed Natasha
   920 | D:2      | Killed Natasha
   963 | D:2      | Noticed Natasha
   977 | D:2      | Killed Natasha
   978 | D:2      | Reached XP level 5. HP: 12/46 MP: 5/5
  2017 | D:3      | Reached XP level 6. HP: 25/53 MP: 6/6
  2201 | D:3      | Reached skill level 5 in Axes
  2323 | D:3      | Found a sacrificial altar of Ru.
  2325 | D:3      | Found a shimmering blue altar of Sif Muna.
  2492 | D:3      | Found an iron altar of Okawaru.
  2565 | D:3      | Found a faded altar of an unknown god.
  3023 | D:4      | Noticed a necrophage
  3030 | D:4      | Killed a necrophage
  3031 | D:4      | Reached skill level 5 in Fighting
  3203 | D:4      | Reached skill level 5 in Armour
  3414 | D:4      | Reached XP level 7. HP: 59/61 MP: 7/7
  3886 | D:5      | Entered Level 5 of the Dungeon
  4234 | D:5      | HP: 1/57 [wight/+5 long sword (4)]
  4561 | D:5      | Reached XP level 8. HP: 63/63 MP: 8/8
  4803 | D:5      | Found a staircase to the Ecumenical Temple.
  4814 | D:5      | Noticed Prince Ribbit
  4829 | Temple   | Entered the Ecumenical Temple
  5012 | Temple   | Became a worshipper of the Shining One
  5900 | D:6      | Noticed Eustachio
  5948 | D:5      | Killed Eustachio
  7707 | D:6      | Found an opulent altar of Gozag.
  7783 | D:6      | Noticed a wraith
  7799 | D:6      | Killed a wraith
  7800 | D:6      | Reached XP level 9. HP: 75/82 MP: 9/9
  8231 | D:6      | Found Akkiquri's Antique Weapon Shop.
  8239 | D:6      | Bought an encrusted falchion for 184 gold pieces
  8239 | D:6      | Identified the +1 falchion of the Bouncing Demons {freeze,
                  | rPois Str+4} (You bought it in a shop on level 6 of the
                  | Dungeon)
  8267 | D:6      | Reached skill level 1 in Long Blades
  8493 | D:7      | Noticed Menkaure
  8502 | D:7      | Killed Menkaure
  8982 | D:7      | Reached * piety under the Shining One
  9095 | D:7      | Killed from afar by a steam dragon

Illustrated notes

Levels and vault maps discovered:
D:1:      ldierk_walled_garden, layout_loops_ring
D:2:      minmay_evil_eye, layout_rooms, uniq_natasha
D:3:      layout_basic, nicolae_overflow_hidden_temple, jmf_multi_god_temple,
          hellmonk_ecumenical_altar_blasted
D:4:      layout_loops_cross
D:5:      minmay_recursive_quarters, layout_basic,
          minmay_temple_entry_enclosed_plants, uniq_prince_ribbit1
D:6:      layout_basic, nicolae_gozag_cash_rules_everything_around_me,
          serial_shops, nicolae_shop_stone, roderic_serpentine_path,
          grunt_decor_junction, kennysheep_crisscross, uniq_eustachio
D:7:      layout_basic, serial_curves, eino_curves_02, eino_curves_02,
          uniq_menkaure
Temple:   nicolae_temple_elliptical

Skill      XL: |  1  2  3  4  5  6  7  8  9 |
---------------+----------------------------+-----
Axes           | 3 4 5 |  5.3
Fighting       | 4 5 8 9 |  9.3
Shields        | 4 |  4.8
Armour         | 4 5 7 9 |  9.2
Long Blades    | 4 |  4.0
Dodging        | |  0.3

Action                   |  1- 3 |  4- 6 |  7- 9 || total
-------------------------+-------+-------+-------++-------
Melee: War axe           |    95 |   174 |   277 ||   546
       Falchion          |       |       |    60 ||    60
  Use: Potion            |       |     1 |     6 ||     7
       Scroll            |       |       |    14 ||    14
Armor: Scale mail        |    69 |    70 |   214 ||   353
Dodge: Dodged            |    42 |    45 |   140 ||   227
Block: Kite shield       |    67 |    75 |   202 ||   344
       Rpst.: Falchion   |       |       |    10 ||    10

Table legend: (Time is in decaauts)
 A = Elapsed time spent in this place.
 B = Non-inter-level travel time spent in this place.
 C = Inter-level travel time spent in this place.
 D = Time resting spent in this place.
 E = Time spent auto-exploring this place.
 F = Levels seen in this place.
 G = Mean time per level.
                   A        B        C        D        E       F      G
               +--------+--------+--------+--------+--------+-----+--------+
         Total |   9404 |   9235 |    169 |   2179 |   5564 |   8 | 1175.5 |
       Dungeon |   9182 |   9055 |    127 |   2179 |   5387 |   7 | 1311.7 |
        Temple |    221 |    179 |     42 |      0 |    177 |   1 |  221.0 |
               +--------+--------+--------+--------+--------+-----+--------+

Top non-repeatable levels by time:
     D:5: 2164 daAuts
     D:6: 1977 daAuts
     D:3: 1355 daAuts
     D:4: 1271 daAuts
     D:2: 965 daAuts
     D:1: 784 daAuts
     D:7: 664 daAuts
  Temple: 221 daAuts
